 Dungeon Crawl Stone Soup version 0.25.1-2-g60ff931df9 (webtiles) character file.

Game seed: 11528742165294885305

51 DildoBatman the Magician (level 4, 0/30 HPs)
             Began as a Formicid Wizard on Nov 4, 2020.
             Slain by an orc
             ... wielding a +0 dagger
              (2 damage)
             ... on level 5 of the Dungeon.
             The game lasted 00:04:06 (1566 turns).

DildoBatman the Magician (Formicid Wizard)          Turns: 1566, Time: 00:04:06

Health: 0/30       AC:  2    Str: 12    XL:     4   Next: 7%
Magic:  8/8        EV: 12    Int: 18    God:
Gold:   23         SH:  0    Dex:  9    Spells: 2/9 levels left

rFire    . . .     SeeInvis +   b - +0 dagger
rCold    . . .     Gourm    .   (no shield)
rNeg     + . .     Faith    .   a - +0 robe
rPois    .         Spirit   .   (helmet unavailable)
rElec    .         Reflect  .   (no cloak)
rCorr    .         Harm     .   (no gloves)
MR       .....                  (no boots)
Stlth    ++........             (no amulet)
HPRegen  0.10/turn              k - ring of positive energy
MPRegen  0.11/turn              (no ring)

@: no status effects
A: permanent stasis, dig shafts and tunnels, four strong arms, antennae 3
a: Dig, Shaft Self


You were on level 5 of the Dungeon.
You were hungry.

You visited 1 branch of the dungeon, and saw 4 of its levels.

You collected 23 gold pieces.

Inventory:

Hand Weapons
 b - a +0 dagger (weapon)
Missiles
 d - 42 sling bullets
 h - 24 arrows
 i - 8 javelins (quivered)
 l - 7 boomerangs
 m - 22 stones
 q - 25 bolts
Armour
 a - a +0 robe (worn)
Jewellery
 k - a ring of positive energy (left hand)
Scrolls
 f - a scroll of identify {unknown}
 j - a scroll of random uselessness {unknown}
 p - a scroll of teleportation {unknown}
Potions
 e - a potion of mutation {unknown}
 g - a potion of lignification {unknown}
 n - 2 potions of resistance {unknown}
 o - a potion of haste {unknown}
Comestibles
 c - a chunk of flesh
 v - 2 rations


   Skills:
 - Level 1.7 Dodging
 - Level 2.4 Stealth
 - Level 3.2 Spellcasting
 * Level 3.2 Conjurations
   Level 1.0 Summonings
   Level 0.8 Translocations


You had 2 spell levels left.
You knew the following spells:

 Your Spells              Type           Power        Failure   Level  Hunger
a - Conjure Flame         Conj/Fire      #.......     24%         3    ###....
c - Magic Dart            Conj           ##..         4%          1    None
e - Mephitic Cloud        Conj/Pois/Air  #.......     30%         3    ###....

Your spell library contained the following spells:

 Spells                   Type           Power        Failure   Level  Hunger
 Call Imp                 Summ           #.......     16%         2    ##.....
 Slow                     Hex            #.......     24%         2    ##.....
 Blink                    Tloc           Unusable     N/A         2    N/A

Dungeon Overview and Level Annotations

Branches:
Dungeon (5/15)
 Temple: D:4-7

Altars:

Annotations:
D:1 Robin
D:2 1 exclusion


Innate Abilities, Weirdness & Mutations

You cannot be hasted, slowed, berserked, paralysed or teleported.
You can dig through walls and to a lower floor.
Your four strong arms can wield two-handed weapons with a shield.
You have a pair of large antennae on your head. (SInv)


Message History

Anything else - Cancel.
You shout for attention!
The orc barely misses you. What are your orders? t - Shout!
Orders for allies: a - Attack new target. r - Retreat! s - Stop attacking. g - Guard the area. f - Follow me.
Anything else - Cancel.
You shout for attention!
The orc barely misses you. What are your orders? t - Shout!
Orders for allies: a - Attack new target. r - Retreat! s - Stop attacking. g - Guard the area. f - Follow me.
Anything else - Cancel.
You shout for attention!
The orc hits you with a +0 dagger.
You die...

....... #.#.#.#.#..#
### #..........# #..#
#.#.#.#.#..# ##....
#..........#
......##.#.#.#.#..###
##.....#.............
#......<.#.#.#.#.....
#......?...o@....#
.#...............#
##...[.#.......##
....#.##....$...#
............#####..
....#.......# .#.
##.##.......# # #
##$.....#


You could see an orc.

Vanquished Creatures
  An adder (D:2)
  A dart slug (D:1)
  2 leopard geckos (D:1)
  2 giant cockroaches (D:1)
  11 goblins
  4 hobgoblins
  A ball python (D:1)
  5 bats (D:1)
  2 frilled lizards (D:1)
  5 kobolds (D:1)
  3 rats (D:1)
37 creatures vanquished.

Notes
Turn   | Place    | Note
-------+----------+-------------------------------------------
     0 | D:1      | DildoBatman the Formicid Wizard began the quest for the
                  | Orb.
     0 | D:1      | Reached XP level 1. HP: 13/13 MP: 4/4
     5 | D:1      | Reached skill level 1 in Conjurations
   172 | D:1      | Reached XP level 2. HP: 14/19 MP: 3/6
   571 | D:1      | Reached XP level 3. HP: 24/24 MP: 1/7
   628 | D:1      | Learned a level 3 spell: Conjure Flame
   632 | D:1      | Learned a level 3 spell: Mephitic Cloud
  1159 | D:2      | Noticed Robin
  1427 | D:2      | Reached XP level 4. HP: 29/30 MP: 1/8
  1430 | D:2      | You fall into a shaft and drop 2 floors!
  1514 | D:5      | Entered Level 5 of the Dungeon
  1560 | D:5      | HP: 1/30 [orc/+0 dagger (2)]
  1566 | D:5      | Slain by an orc

Illustrated notes

Levels and vault maps discovered:
D:1:      ebering_hopf_link, layout_rooms
D:2:      layout_loops_ring, nemelex_xobeh_ov_fountains_minmay,
          chequers_ecumenical_altar_twisty, uniq_sigmund, uniq_robin
D:4:      layout_basic, serial_corexii_hall, chequers_hall_statues_corner_a,
          chequers_hall_statues_corner_a, first_ration, enter_ossuary_1
D:5:      layout_cave_pools, kennysheep_mini_moat, serial_co_window_serial,
          co_window_paths_b, co_window_of_opportunity_a, co_window_corner_a,
          co_window_corner_a, co_window_corner_a, co_window_paths_b,
          co_window_cross_1, co_window_unsneaky_path_d, co_window_2corner,
          co_window_paths_c, glass_columns_a, glass_columns_a, glass_columns_c,
          glass_columns_c, kennysheep_slug_shrine, uniq_crazy_yiuf_cottage,
          uniq_edmund

Skill      XL: |  1  2  3 |
---------------+----------+-----
Conjurations   | 1 2 3 |  3.2
Dodging        | |  1.7
Stealth        | |  2.4
Spellcasting   | |  3.2
Summonings     | |  1.0
Translocations | |  0.8

Action                   |  1- 3 |  4- 6 || total
-------------------------+-------+-------++-------
Melee: Unarmed           |     4 |       ||     4
       Dagger            |     7 |     1 ||     8
 Cast: Magic Dart        |    92 |     1 ||    93
 Abil: Dig               |     4 |       ||     4
       Shaft Self        |       |     1 ||     1
  Eat: Chunk             |     3 |       ||     3
Armor: Robe              |    25 |     4 ||    29
Dodge: Dodged            |    56 |    16 ||    72
